 Dungeon Crawl Stone Soup version 0.28-a0-1444-g6c55d0bc0c (webtiles) character file.

Game seed: 13488940956885614934

166 Deminshera the Caller (level 5, -2/45 HPs)
             Began as an Ogre Summoner on Jan 10, 2022.
             Was an Initiate of the Shining One.
             Slain by a scorpion (5 damage)
             ... on level 4 of the Dungeon.
             The game lasted 00:04:58 (5775 turns).

Deminshera the Caller (Ogre Summoner)               Turns: 5775, Time: 00:04:59

Health: -2/45      AC:  4    Str: 10 (12) XL:     5   Next: 47%
Magic:  9/11       EV: 10    Int: 16 (18) God:    the Shining One [......]
Gold:   104        SH:  0    Dex:  9 (11) Spells: 2/12 levels left

rFire   . . .      SeeInvis .   l - +0 trident
rCold   . . .      Faith    .   (no shield)
rNeg    . . .      Spirit   .   k - +1 animal skin
rPois   +          Reflect  .   (helmet restricted)
rElec   .          Harm     .   (no cloak)
rCorr   .          Rampage  .   (gloves unavailable)
Will    .....                   (boots unavailable)
Stlth   +.........              (no amulet)
HPRegen 0.15/turn               h - ring of poison resistance
MPRegen 0.12/turn               (no ring)

@: lethally poisoned (-2 -> -7), glowing
A: large, unfitting armour, tough skin 1, agile 1, MP-powered wands
a: Renounce Religion


You were on level 4 of the Dungeon.
You worshipped the Shining One.
The Shining One was noncommittal.
You visited 2 branches of the dungeon, and saw 5 of its levels.

You collected 104 gold pieces.

Inventory:

Hand Weapons
 j - a +1 dagger of venom
 l - a +0 trident (weapon)
Armour
 a - a +0 robe
 k - a +1 animal skin (worn)
Jewellery
 h - a ring of poison resistance (left hand)
Wands
 i - a wand of flame (21)
Scrolls
 b - a scroll of identify
 d - a scroll of teleportation {unknown}
 f - a scroll of brand weapon {unknown}
 m - a scroll of fog {unknown}
Potions
 c - a potion of resistance
 e - a potion of haste
 n - a potion of degeneration


   Skills:
 - Level 2.0 Dodging
 - Level 1.4 Stealth
 + Level 4.4 Spellcasting
 + Level 4.8 Summonings
 + Level 1.0 Air Magic


You had 2 spell levels left.
You knew the following spells:

 Your Spells              Type           Power      Damage    Failure   Level
a - Summon Small Mammal   Summ           72%        N/A       2%          1
b - Call Imp              Summ           18%        N/A       3%          2
c - Call Canine Familiar  Summ           18%        N/A       7%          3
d - Summon Lightning Spi  Summ/Air       12%        N/A       43%         4

Your spell library contained the following spells:

 Spells                   Type           Power      Damage    Failure   Level
 Summon Guardian Golem    Hex/Summ       11%        N/A       19%         3


Dungeon Overview and Level Annotations

Branches:
Dungeon (4/15)             Temple (1/1) D:4

Altars:
Ashenzari
Dithmenos
Fedhas
Hepliaklqana
Nemelex Xobeh
Okawaru
Ru
Sif Muna
Trog
Vehumet
Wu Jian
Xom
Yredelemnul
Zin
The Shining One


Innate Abilities, Weirdness & Mutations

You are too large for most types of armour.
You have tough skin. (AC +1)
You are agile. (Dex +2)
You expend magic power (3 MP) to strengthen your wands.


Message History

Press: ? - help, Dir - move target, f/p - scorpion
Aim: a scorpion (almost dead, ally target, about 50% to evade your +0 trident)
You reach to attack!
You hit the scorpion but do no damage.
The scorpion is almost dead.
The scorpion misses your hound.
Your hound bites the scorpion.
The scorpion stings your hound.
Your hound dies!
Your hound's corpse disappears in a puff of smoke!
Your rat barely misses the scorpion.
Reach: l) +0 trident
Press: ? - help, Dir - move target, f/p - scorpion
Aim: a scorpion (almost dead, ally target, about 50% to evade your +0 trident)
You reach to attack!
You barely miss the scorpion.
The scorpion is almost dead.
Your rat bites the scorpion but does no damage.
The scorpion stings you.
* * * LOW HITPOINT WARNING * * *
You are lethally poisoned!
The scorpion poisons you!
Reach: l) +0 trident
Press: ? - help, Dir - move target, f/p - scorpion
Aim: a scorpion (almost dead, ally target, about 50% to evade your +0 trident)
You barely miss the scorpion.
The scorpion is almost dead.
* * * LOW HITPOINT WARNING * * *
You feel very sick.
Your rat misses the scorpion. The scorpion misses you.
Your rat bites the scorpion but does no damage.
It was a potion of degeneration.
There was something very wrong with that liquid.
You feel weakened.
You feel dopey.
You feel clumsy.
* * * LOW HITPOINT WARNING * * *
You feel sick. The scorpion closely misses you.
Your rat closely misses the scorpion.
It was a potion of mutation.
You feel extremely strange.
You feel agile.
You feel your magical essence link to the dungeon's wands.
* * * LOW HITPOINT WARNING * * *
You feel sick. The scorpion stings you.
You die...

########
..#...# ...⌠.
#... ###
##.######
#...#...#...#
#?⌠...@...⌠.#
#.$?#.sr#...#
## ##.###.##
#...#...#
...⌠.#.>.#
..#...#...#
#########.##
.# #.# .# #.#
###.#


You could see a scorpion (ally target) and a friendly rat (summoned).

Vanquished Creatures
  An adder (D:3)
  2 worms
  2 dart slugs
  3 orcs
  2 bats
  5 endoplasms
  A giant cockroach (D:1)
  4 goblins
  2 hobgoblins
  2 jackals (D:3)
  3 ball pythons (D:1)
  A frilled lizard (D:1)
  4 kobolds
  A rat (D:3)
33 creatures vanquished.

Vanquished Creatures (collateral kills)
  Terence (D:3)
  Robin (D:3)
  An adder (D:2)
  A worm (D:2)
  A dart slug (D:1)
  An orc (D:3)
  3 ball pythons
  3 bats (D:2)
  5 endoplasms
  2 giant cockroaches (D:1)
  8 hobgoblins
  2 jackals (D:3)
  5 kobolds
  3 frilled lizards
  14 goblins
51 creatures vanquished.

Vanquished Creatures (others)
  3 plants (D:1)
3 creatures vanquished.

Grand Total: 87 creatures vanquished

Notes
Turn   | Place    | Note
-------+----------+-------------------------------------------
     0 | D:1      | Deminshera the Ogre Summoner began the quest for the Orb.
     0 | D:1      | Reached XP level 1. HP: 16/16 MP: 3/3
    76 | D:1      | Reached XP level 2. HP: 2/24 MP: 1/5
  1643 | D:1      | Reached XP level 3. HP: 28/31 MP: 5/7
  2087 | D:1      | Learned a level 2 spell: Call Imp
  2091 | D:1      | Learned a level 3 spell: Call Canine Familiar
  3187 | D:2      | Found a faded altar of an unknown god.
  3429 | D:2      | Reached XP level 4. HP: 39/39 MP: 5/9
  4293 | D:3      | Noticed Robin
  4307 | D:3      | Killed Robin
  4570 | D:3      | Learned a level 4 spell: Summon Lightning Spire
  4925 | D:3      | Reached XP level 5. HP: 42/45 MP: 5/11
  5027 | D:3      | Noticed Terence
  5043 | D:3      | Killed Terence
  5231 | D:3      | Reached skill level 1 in Air Magic
  5500 | D:4      | Found a staircase to the Ecumenical Temple.
  5615 | Temple   | Entered the Ecumenical Temple
  5704 | Temple   | Became a worshipper of the Shining One
  5775 | D:4      | Gained mutation: You are agile. (Dex +2) [potion of
                  | mutation]
  5775 | D:4      | Gained mutation: You expend magic power (3 MP) to
                  | strengthen your wands. [potion of mutation]
  5775 | D:4      | Slain by a scorpion

Illustrated notes

Levels and vault maps discovered:
D:1:      giann_forest_graveyard, layout_basic, serial_forest,
          infiniplex_forest_lined_corner, infiniplex_forest_clump_double,
          infiniplex_forest_corner_1, infiniplex_forest_straight_1,
          infiniplex_forest_lined_corner, infiniplex_forest_clump_long
D:2:      cheibrodos_helix_gallery, layout_loops_ring,
          hellmonk_ecumenical_altar_run_dry
D:3:      layout_loops_ring, grunt_ministairs_6, uniq_robin, uniq_terence
D:4:      layout_loops_ring, kennysheep_mini, minmay_temple_entry_nine_rooms,
          minmay_tree_intersection
Temple:   compressed_dpeg_circular_temple

Skill      XL: |  1  2  3  4  5 |
---------------+----------------+-----
Dodging        | 2 |  2.0
Spellcasting   | 3 4 |  4.4
Summonings     | 4 |  4.8
Air Magic      | 1 |  1.0
Stealth        | |  1.4

Action                   |  1- 3 |  4- 6 || total
-------------------------+-------+-------++-------
Melee: Unarmed           |   157 |    26 ||   183
       Punch             |     2 |     3 ||     5
       Dagger            |       |    40 ||    40
       Trident           |       |    39 ||    39
 Cast: Summon Small Mamm |    20 |     1 ||    21
       Call Imp          |     6 |     7 ||    13
       Call Canine Famil |     3 |    11 ||    14
  Use: Scroll            |       |     2 ||     2
       Potion            |       |     2 ||     2
 Stab: Sleeping          |     4 |       ||     4
       Distracted        |     1 |     3 ||     4
Armor: Robe              |    55 |     9 ||    64
       Animal skin       |       |    14 ||    14
Dodge: Dodged            |    92 |    56 ||   148

Table legend: (Time is in decaauts)
 A = Elapsed time spent in this place.
 B = Non-inter-level travel time spent in this place.
 C = Inter-level travel time spent in this place.
 D = Time resting spent in this place.
 E = Time spent auto-exploring this place.
 F = Levels seen in this place.
 G = Mean time per level.
                   A        B        C        D        E       F      G
               +--------+--------+--------+--------+--------+-----+--------+
         Total |   5787 |   5626 |    161 |   1396 |   3450 |   5 | 1157.4 |
       Dungeon |   5656 |   5527 |    129 |   1396 |   3367 |   4 | 1414.0 |
        Temple |    131 |     99 |     32 |      0 |     83 |   1 |  131.0 |
               +--------+--------+--------+--------+--------+-----+--------+

Top non-repeatable levels by time:
     D:1: 2349 daAuts
     D:2: 1906 daAuts
     D:3: 1189 daAuts
     D:4: 211 daAuts
  Temple: 131 daAuts
